Map: Kairos Junction LE

Players

RexRequired

  • Race: Zerg Zerg
  • Spawn Location: 5:00

A.I. 1 (Very Easy) - Winner!

  • Race: Terran Terran
  • Spawn Location: 11:00

VOD

Have the link to the VOD?

Description

Time

  • Played on: June 5, 2019, 8:27 p.m.
  • Length: 11:31
Show
View Real Time Build Order
Export as new Build Order

RexRequired Zerg 

Build Orders: Hatch First 

Get SALT Encoding   

  12  0:01  Drone  
  13  0:12  Overlord  
  13  0:16  Drone  
  14  0:31  Drone x2  
  16  0:49  Hatchery  
  15  0:52  Drone  
  15  0:55  Drone  
  17  1:00  Drone  
  18  1:10  Extractor  
  17  1:15  Spawning Pool  
  17  1:17  Drone  
  17  1:20  Drone  
  18  1:28  Drone  
  19  1:39  Drone  
  20  1:49  Overlord  
  20  2:01  Queen x2  
  20  2:02  Zergling x4  
  26  2:10  Metabolic Boost  
  26  2:11  Drone  
  26  2:12  Drone  
  28  2:22  Drone  
  29  2:23  Drone  
  30  2:32  Overlord  
  30  2:37  Queen  
  32  2:45  Drone x2  
  32  2:46  Drone  
  35  2:55  Hatchery  
  34  2:59  Drone  
  34  3:00  Drone  
  36  3:07  Drone  
  36  3:08  Drone  
  38  3:13  Queen  
  38  3:16  Overlord  
  38  3:19  Drone x2  
  42  3:20  Drone  
  43  3:28  Drone  
  44  3:38  Overlord x2  
  44  3:39  Drone, Lair  
  45  3:47  Zergling x2  
  45  3:48  Zergling x8  
  50  3:50  Queen  
  52  3:59  Baneling Nest, Drone  
  52  4:01  Drone  
  53  4:04  Overlord  
  53  4:05  Drone x2  
  53  4:08  Drone  
  56  4:12  Queen  
  56  4:16  Drone x2  
  60  4:18  Drone  
  60  4:21  Spore Crawler  
  60  4:25  Spore Crawler  
  60  4:26  Drone  
  60  4:27  Spore Crawler  
  59  4:32  Queen  
  59  4:34  Drone x2  
  59  4:35  Drone  
  65  4:38  Drone  
  65  4:45  Drone  
  65  4:46  Drone x2, Overlord  
  65  4:47  Drone x2  
  65  4:50  Drone x2  
  72  4:54  Centrifical Hooks  
  72  4:56  Drone  
  72  4:57  Drone  
  74  5:04  Extractor  
  74  5:05  Extractor  
  74  5:06  Evolution Chamber  
  72  5:07  Evolution Chamber, Drone x2  
  72  5:08  Extractor  
  72  5:09  Extractor, Drone  
  72  5:11  Drone  
  72  5:12  Drone x2  
  74  5:14  Overlord  
  74  5:17  Drone x2  
  74  5:20  Drone x2  
  78  5:25  Drone x2  
  80  5:29  Drone x2  
  80  5:30  Overlord  
  80  5:34  Drone  
  80  5:35  Drone  
  84  5:41  Zerg Melee Weapons Level 1  
  84  5:42  Zerg Ground Armor Level 1  
  84  5:53  Drone  
  84  5:55  Drone  
  86  5:58  Hydralisk Den  
  86  5:59  Drone, Hatchery  
  86  6:00  Hatchery  
  86  6:03  Drone  
  85  6:16  Overlord x2  
  85  6:17  Zergling x2  
  85  6:18  Zergling x14  
  93  6:21  Baneling x5  
  93  6:22  Baneling x2  
  93  6:30  Zergling x10  
  98  6:41  Muscular Augments  
  98  6:42  Overlord x3  
  98  6:53  Zergling x2, Drone  
  98  6:54  Drone x5  
  105  7:05  Queen  
  105  7:06  Spore Crawler  
  102  7:10  Zergling x16  
  102  7:13  Overseer  
  110  7:16  Drone  
  110  7:17  Drone x2  
  113  7:29  Hydralisk x10  
  115  7:30  Hydralisk  
  115  7:35  Baneling x4  
  135  7:40  Zerg Melee Weapons Level 2, Zerg Ground Armor Level 2  
  135  7:41  Overlord x3  
  135  7:43  Drone x4  
  139  7:45  Extractor  
  139  7:47  Extractor x2  
  139  7:49  Infestation Pit  
  139  7:50  Pneumatized Carapace  
  139  7:51  Overseer  
  135  7:57  Zergling x22  
  146  8:03  Grooved Spines  
  146  8:11  Drone  
  147  8:13  Drone x2  
  147  8:15  Zergling x2  
  147  8:16  Zergling x20  
  147  8:19  Overseer  
  160  8:20  Overseer  
  160  8:23  Baneling x5  
  160  8:24  Hydralisk x2  
  160  8:26  Hydralisk  
  166  8:28  Hydralisk  
  168  8:41  Overlord x4  
  168  8:47  Spore Crawler  
  168  8:48  Hive, Spore Crawler  
  166  8:49  Spore Crawler  
  166  8:51  Spire  
  164  8:55  Overseer  
  164  9:03  Zergling x2  
  164  9:04  Zergling x22  
  176  9:19  Zergling x26  
  176  9:24  Overseer x2  
  189  9:27  Overseer x2  
  189  9:28  Overlord x2  
  189  9:39  Drone x4  
  189  9:40  Drone  
  194  9:51  Hatchery  
  193  9:57  Baneling x20  
  193  9:59  Baneling x13  
  193  10:00  Baneling  
  193  10:06  Greater Spire  
  193  10:14  Ultralisk Cavern  
  192  10:23  Zergling x2  
  192  10:24  Zergling x6  
  192  10:25  Zergling x2  
  192  10:26  Zergling x2  
  198  10:47  Zergling x2  
  199  11:00  Hatchery  
  198  11:23  Spire  
Show
View Real Time Build Order
Export as new Build Order

A.I. 1 (Very Easy) Terran - Winner!

Build Orders:  

Get SALT Encoding   

  12  0:00  SCV  
  13  0:13  SCV  
  14  0:18  Supply Depot  
  14  0:37  Refinery  
  14  0:41  Barracks  
  14  1:04  Supply Depot  
  14  1:12  Refinery  
  14  1:29  Marine  
  14  1:30  Orbital Command  
  15  1:56  SCV  
  17  2:08  SCV  
  17  2:12  Barracks Tech Lab  
  17  2:20  SCV  
  18  2:30  Marine  
  18  2:32  SCV  
  20  2:44  SCV  
  21  2:57  SCV  
  22  3:13  Marauder  
  24  4:14  SCV  
  24  5:39  SCV  
  24  6:29  SCV  
  24  6:30  Marine  
  24  6:32  Supply Depot  
  26  6:33  Factory  
  26  6:36  Command Center  
  26  6:41  SCV  
  27  6:53  SCV  
  28  6:56  Supply Depot  
  28  7:05  Marine  
  28  7:06  SCV  
  26  7:22  Starport  
  26  7:40  Marine  
  27  7:49  SCV  
  28  7:55  Refinery  
  28  7:57  SCV  
  29  7:59  Refinery, Starport Tech Lab  
  29  8:04  SCV  
  30  8:11  SCV  
  31  8:15  Marine  
  31  8:18  SCV  
  31  8:19  Raven  
  32  8:25  SCV  
  35  8:32  SCV  
  36  8:40  SCV  
  37  8:47  SCV  
  38  8:50  Marine  
  38  8:54  SCV  
  40  9:01  SCV  
  40  9:02  Raven  
  41  9:08  SCV  
  44  9:15  SCV  
  45  9:23  SCV  
  46  9:26  Marauder  
  46  9:30  SCV  
  48  9:37  SCV  
  49  9:44  SCV  
  50  9:51  SCV  
  51  10:35  SCV  
Tags
 
Add a new tag
Caveats
  • Supply blocks, unpowered buildings, or Contaminate may cause inaccurate times.
  • Supply counts are checked every 10 seconds.